 Dungeon Crawl Stone Soup version 0.26.0-18-gc5c842f807 (webtiles) character file.

Game seed: 14801496122030994746

5832 thiole the Covert (level 10, 0/66 HPs)
             Began as an Octopode Hedge Wizard on Jan 22, 2021.
             Was a Priest of Sif Muna.
             Slain by a troll (4 damage)
             ... on level 9 of the Dungeon.
             The game lasted 00:41:28 (14472 turns).

thiole the Covert (Octopode Hedge Wizard)          Turns: 14472, Time: 00:41:28

Health: 0/66       AC:  2    Str:  9      XL:     10   Next: 80%
Magic:  0/36       EV: 13    Int: 21      God:    Sif Muna [***...]
Gold:   574        SH:  0    Dex: 10 (11) Spells: 12/20 levels left

rFire    . . .     SeeInvis .   v - +2 dagger (protect)
rCold    . . .     Faith    .   (no shield)
rNeg     . . .     Spirit   +   C - +1 hat
rPois    .         Reflect  .   D - amulet of guardian spirit
rElec    .         Harm     .   l - ring of magical power
rCorr    .         Rampage  .   c - ring of magical power
Will     .....                  (no ring)
Stlth    +++++.....             (no ring)
HPRegen  0.21/turn              (no ring)
MPRegen  0.25/turn              (no ring)
                                (no ring)
                                (no ring)

@: mighty
A: almost no armour, stealthy swim, amphibious, 8 rings, constrict 8, camouflage
1, gelatinous body 1
a: Renounce Religion, Channel Magic, Forget Spell


You were on level 9 of the Dungeon.
You worshipped Sif Muna.
Sif Muna was most pleased with you.
You visited 1 branch of the dungeon, and saw 9 of its levels.

You collected 574 gold pieces.

Inventory:

Hand Weapons
 a - a +0 dagger
 b - a +3 flail of protection
 o - a +0 mace of protection
 r - a +0 hand axe of freezing
 v - a +2 dagger of protection (weapon)
 y - a +0 dagger of holy wrath
 E - a cursed +5 trident
Armour
 C - a +1 hat (worn)
Jewellery
 c - a ring of magical power (right tentacle)
 g - an uncursed amulet of the acrobat
 l - a ring of magical power (left tentacle)
 x - an uncursed ring of ice
 D - an amulet of guardian spirit (around mantle)
Wands
 e - a wand of random effects (6)
 k - a wand of disintegration (7)
 z - a wand of flame (41)
 A - a wand of paralysis (4)
 B - a wand of acid (4)
Scrolls
 f - 2 scrolls of magic mapping {unknown}
 n - 3 scrolls of amnesia
 p - 3 scrolls of remove curse
 q - 4 scrolls of teleportation {unknown}
 t - a scroll of random uselessness {unknown}
 u - a scroll of blinking {unknown}
Potions
 d - 2 potions of brilliance
 h - 2 potions of degeneration {unknown}
 i - 2 potions of mutation {unknown}
 m - 2 potions of flight {unknown}
 w - a potion of invisibility {unknown}
 F - 4 potions of attraction {unknown}
 G - a potion of cancellation {unknown}


   Skills:
 + Level 5.3 Fighting
 - Level 2.0 Dodging
 - Level 10.0 Stealth
 - Level 5.5 Spellcasting
 - Level 3.8 Conjurations
 - Level 2.0 Hexes
 - Level 5.1 Summonings
 * Level 7.1 Necromancy
 - Level 1.0 Translocations
 - Level 5.0 Ice Magic
 - Level 4.6 Air Magic


You had 12 spell levels left.
You knew the following spells:

 Your Spells              Type           Power        Failure   Level
a - Magic Dart            Conj           88%          1%          1
b - Call Imp              Summ           27%          1%          2
c - Slow                  Hex            14%          7%          2
d - Mephitic Cloud        Conj/Pois/Air  17%          10%         3

Your spell library contained the following spells:

 Spells                   Type           Power        Failure   Level
 Animate Dead             Necr           17%          5%          4
 Blink                    Tloc           N/A          11%         2
 Conjure Flame            Conj/Fire      13%          14%         3
 Borgnjor's Vile Clutch   Necr/Erth      10%          54%         5
 Death Channel            Necr           17%          65%         6
 Simulacrum               Ice/Necr       15%          78%         6


Dungeon Overview and Level Annotations

Branches:
Dungeon (9/15)             Temple (0/1) D:7            Lair (0/6) D:8
    Orc: D:9-12

Altars:
Ashenzari
Gozag
Nemelex Xobeh
Okawaru
Sif Muna
Uskayaw
Vehumet
Wu Jian
Zin

Annotations:
D:7 Maggie
D:9 3 runed translucent doors, vvl's ghost, novice DsFi


Innate Abilities, Weirdness & Mutations

You cannot wear most types of armour.
You are very stealthy in the water. (Stealth+)
You are amphibious.
You can wear up to eight rings at the same time.
You can use your tentacles to constrict eight enemies at once.
Your skin changes colour to match your surroundings (Stealth+).
Your rubbery body absorbs attacks. (AC +1, EV +1)


Message History

Aiming: Paralyse
Press: ? - help, Shift-Dir - straight line, f/p - troll
Aim: a troll (chance to affect: 46%)
The troll resists with some effort.
The troll bites you! The troll misses you. The troll claws you!
* * * LOW HITPOINT WARNING * * *
Aiming: Paralyse
Press: ? - help, Shift-Dir - straight line, f/p - troll
Aim: a troll (chance to affect: 46%)
The troll resists with some effort.
The troll completely misses you. The troll claws you.
* * * LOW HITPOINT WARNING * * *
The troll claws you!
* * * LOW HITPOINT WARNING * * *
Aiming: Paralyse
Press: ? - help, Shift-Dir - straight line, f/p - troll
Aim: a troll (chance to affect: 46%)
The troll resists with some effort.
The troll closely misses you. The troll barely misses you. The troll claws you!
You die...

.. #.<............
#..... #.
#######.#.####### #.###.
#.########...........
... #.
#............T....... ##
#. #........#..#.#######
## #........#..#.#
#...## #
#........#..#.##..⌠..##
#
##......).#..#.#.......#
#
.............#.#@.._...#
#
##........#.##.T.8...8.#
#
#.########.####..._...#
#. #.# #.......# #. #.#
##..⌠..## #.# #...## #.#
#### .#


You could see a troll.

Vanquished Creatures
  A two-headed ogre (D:9)
  An ugly thing (D:6)
  2 yaks (D:9)
  A wyvern (D:9)
  Edmund (D:6)
  3 orc warriors
  2 ice beasts
  2 sky beasts (D:6)
  4 ogres
  4 centaurs
  5 bullfrogs
  4 scorpions
  12 wights
  A quasit (D:9)
  2 bullfrog zombies
  A centaur zombie (D:6)
  2 jellies
  5 orc priests
  2 hounds
  Jessica (D:3)
  Ijyb (D:5)
  An iguana (D:8)
  8 orc wizards
  5 worker ants
  A killer bee zombie (D:7)
  A hound skeleton (D:6)
  A howler monkey skeleton (D:4)
  6 adders
  2 shadow imps (D:7)
  4 white imps
  3 ufetubi
  An ooze (D:1)
  An adder zombie (D:6)
  A worm (D:3)
  4 dart slugs (D:1)
  6 leopard geckos
  26 orcs
  2 giant cockroaches
  7 goblins
  5 hobgoblins
  3 jackals (D:2)
  6 kobolds
  8 quokkas
  A ball python (D:5)
  9 bats
  2 frilled lizards
  A jackal skeleton (D:7)
  4 rats
176 creatures vanquished.

Vanquished Creatures (collateral kills)
  Harold (D:7)
  A yak (D:9)
  Menkaure (D:6)
  An ice beast (D:9)
  A black bear (D:9)
  A hornet zombie (D:6)
  A centaur (D:6)
  An ogre (D:6)
  Blork the orc (D:6)
  4 bullfrogs
  A scorpion (D:7)
  A howler monkey (D:5)
  A centaur zombie (D:5)
  2 orc wizards
  An orc priest (D:6)
  A centaur skeleton (D:5)
  A hound (D:9)
  2 iguanas
  2 worker ants
  A hound skeleton (D:9)
  A shadow imp (D:6)
  An ufetubus (D:8)
  5 orcs
  A kobold (D:8)
  A quokka skeleton (D:7)
35 creatures vanquished.

Vanquished Creatures (others)
  13 fungi
  17 plants (D:8)
30 creatures vanquished.

Grand Total: 241 creatures vanquished

Notes
Turn   | Place    | Note
-------+----------+-------------------------------------------
     0 | D:1      | thiole the Octopode Hedge Wizard began the quest for the
                  | Orb.
     0 | D:1      | Reached XP level 1. HP: 11/11 MP: 4/4
   226 | D:1      | Reached XP level 2. HP: 12/17 MP: 1/6
   414 | D:1      | Reached skill level 3 in Stealth
  1034 | D:1      | Reached XP level 3. HP: 21/21 MP: 3/7
  1363 | D:1      | Found a broken altar of Ashenzari.
  1565 | D:2      | Learned a level 2 spell: Call Imp
  1568 | D:2      | Learned a level 2 spell: Slow
  1572 | D:2      | Learned a level 3 spell: Mephitic Cloud
  2218 | D:3      | Found a glowing silver altar of Zin.
  2289 | D:3      | Reached XP level 4. HP: 27/27 MP: 7/9
  2449 | D:3      | Reached skill level 4 in Stealth
  2965 | D:3      | Noticed Jessica
  2970 | D:3      | Killed Jessica
  2971 | D:3      | Reached XP level 5. HP: 31/31 MP: 4/10
  3025 | D:3      | Found a shimmering blue altar of Sif Muna.
  3177 | D:3      | Became a worshipper of Sif Muna the Loreminder
  3490 | D:3      | Reached skill level 5 in Stealth
  3808 | D:4      | Noticed an ogre
  3856 | D:4      | Killed an ogre
  3857 | D:4      | Reached skill level 6 in Stealth
  3857 | D:4      | Reached XP level 6. HP: 14/36 MP: 3/12
  4061 | D:4      | You fall into a shaft and drop 1 floor!
  4061 | D:5      | Entered Level 5 of the Dungeon
  4730 | D:5      | Reached skill level 5 in Spellcasting
  4733 | D:5      | Reached skill level 7 in Stealth
  4779 | D:5      | Reached XP level 7. HP: 22/41 MP: 7/14
  4790 | D:5      | Reached * piety under Sif Muna
  5149 | D:5      | Noticed Ijyb
  5157 | D:5      | Killed Ijyb
  5585 | D:6      | Noticed Menkaure
  5607 | D:6      | Killed Menkaure
  5934 | D:6      | Noticed a green ugly thing
  5948 | D:6      | Reached skill level 1 in Air Magic
  6048 | D:6      | Reached skill level 8 in Stealth
  6048 | D:6      | Reached skill level 1 in Hexes
  6055 | D:6      | Reached XP level 8. HP: 40/46 MP: 16/16
  6110 | D:6      | Noticed Edmund
  6136 | D:6      | Killed Edmund
  6748 | D:6      | Noticed Blork the orc
  7298 | D:6      | Reached skill level 1 in Fighting
  7526 | D:6      | Killed Blork the orc
  7873 | D:7      | Reached skill level 9 in Stealth
  7873 | D:7      | Noticed Harold
  7877 | D:7      | Reached XP level 9. HP: 35/54 MP: 10/17
  8183 | D:6      | Found a hide-covered altar of Uskayaw.
  8184 | D:6      | Found a broken altar of Ashenzari.
  8310 | D:6      | HP: 1/54 [hornet zombie (4)]
  8323 | D:6      | HP: 1/54 [hornet zombie (9)]
  8757 | D:6      | Killed a green ugly thing
  8902 | D:6      | Reached ** piety under Sif Muna
  9111 | D:7      | Reached skill level 5 in Summonings
  9688 | D:7      | Found a staircase to the Ecumenical Temple.
  9901 | D:7      | Reached skill level 1 in Ice Magic
  9996 | D:7      | You fall into a shaft and drop 1 floor!
 10474 | D:8      | Reached skill level 10 in Stealth
 10936 | D:8      | Reached XP level 10. HP: 16/63 MP: 3/18
 11243 | D:8      | Reached *** piety under Sif Muna
 11836 | D:7      | Killed Harold
 11837 | D:7      | Reached skill level 5 in Necromancy
 12183 | D:7      | Noticed Maggie
 13134 | D:8      | Found a radiant altar of Vehumet.
 13194 | D:8      | Found a staircase to the Lair.
 13369 | D:8      | Found an ornate altar of the Wu Jian Council.
 13453 | D:8      | Found an iron altar of Okawaru.
 13709 | D:9      | Found a runed translucent gate.
 13710 | D:9      | Found a runed translucent gate.
 13710 | D:9      | Found a runed translucent gate.
 13712 | D:9      | Noticed a spectral centaur warrior
 13712 | D:9      | Noticed a spectral centaur warrior
 13712 | D:9      | Noticed vvl's ghost (novice DsFi)
 13743 | D:9      | Noticed a two-headed ogre
 13864 | D:9      | Reached skill level 5 in Ice Magic
 13884 | D:9      | Killed a two-headed ogre
 13885 | D:9      | Reached skill level 5 in Fighting
 14253 | D:9      | Found a sparkling altar of Nemelex Xobeh.
 14254 | D:9      | Found an opulent altar of Gozag.
 14472 | D:9      | Slain by a troll

Illustrated notes

Levels and vault maps discovered:
D:1:      amcnicky_arrival_underground_garden, layout_loops_ring,
          ashenzari_altar_1
D:2:      cheibrodos_helix_gallery, layout_basic
D:3:      layout_basic, tgw_sif, old_standard_altar
D:4:      layout_basic, grunt_qazlal_sundering, hangedman_decor_lopped,
          bloody_makhleb
D:5:      layout_basic, kennysheep_pointless_box, uniq_ijyb
D:6:      minmay_clustersquares, layout_basic,
          chequers_temple_overflow_statue_of_worship, serial_aquarium,
          aquarium_bridge_square [aquarium_subvault_window,
          aquarium_subvault_bridge, aquarium_subvault_window,
          aquarium_subvault_bridge], aquarium_window_2, aquarium_window_1,
          aquarium_window_fake, aquarium_view_2e, aquarium_balcony_1b,
          aquarium_pool_corner, minivault_1, hangedman_glass_teeth,
          uniq_menkaure, uniq_edmund, uniq_blork_the_orc
D:7:      layout_gridville, minmay_temple_entry_large_hall, uniq_maggie,
          uniq_harold
D:8:      layout_basic, general_overflow_altar, vehumet_altar_wand_db,
          okawaru_ov_weapons_minmay, grunt_lair_entry_orc_guard_hut
D:9:      layout_loops_ring, grunt_temple_overflow_opulence,
          kennysheep_orc_monster_closet_entryway, gammafunk_ghost_necromancy

Skill      XL: |  1  2  3  4  5  6  7  8  9 10 |
---------------+-------------------------------+-----
Stealth        | 3 4 6 7 8 9 10 | 10.0
Summonings     | 2 3 5 |  5.1
Conjurations   | 2 3 |  3.8
Spellcasting   | 4 5 |  5.5
Air Magic      | 2 4 |  4.6
Hexes          | 1 2 |  2.0
Fighting       | 1 3 5 |  5.3
Necromancy     | 4 7 |  7.1
Ice Magic      | 2 5 |  5.0
Dodging        | |  2.0
Translocations | |  1.0

Action                   |  1- 3 |  4- 6 |  7- 9 | 10-12 || total
-------------------------+-------+-------+-------+-------++-------
Melee: Dagger            |    37 |    79 |   319 |   178 ||   613
       Constrict         |    11 |    18 |    50 |    27 ||   106
       Tentacles         |    10 |    22 |    67 |    37 ||   136
 Cast: Magic Dart        |    66 |    80 |    72 |    48 ||   266
       Call Imp          |       |    13 |    92 |    47 ||   152
       Slow              |       |     1 |     6 |     4 ||    11
       Mephitic Cloud    |       |       |    10 |     5 ||    15
Evoke: Wand              |       |       |     7 |     4 ||    11
  Use: Scroll            |       |     5 |     5 |       ||    10
       Potion            |       |     1 |     3 |     6 ||    10
 Stab: Sleeping          |       |       |     5 |     5 ||    10
       Distracted        |       |       |     7 |     4 ||    11
       Confused          |       |       |     2 |       ||     2
Armor: Skin              |     3 |    11 |    78 |    43 ||   135
Dodge: Dodged            |    31 |    33 |   184 |   128 ||   376
